 Dungeon Crawl Stone Soup version 0.31-a0-1074-g0b22e4e0f1 (webtiles) character file.

Game seed: 14684518748538699118

2697 Drazool the Mimic (level 9, -2/54 HPs)
             Began as an Octopode Shapeshifter on Nov 29, 2023.
             Was a Believer of Hepliaklqana.
             Slain by a gnoll
             ... wielding a +0 spear
             ... led by a gnoll sergeant
              (9 damage)
             ... on level 7 of the Dungeon.
             The game lasted 00:24:07 (7636 turns).

Drazool the Mimic (Octopode Shapeshifter)           Turns: 7636, Time: 00:24:08

Health: -2/54      AC:  1    Str: 17    XL:     9   Next: 65%
Magic:  9/9        EV: 14    Int: 13    God:    Hepliaklqana [**....]
Gold:   1005       SH:  0    Dex: 11    Spells: 8/8 levels left

rFire   + +          .
                       - Unarmed
rCold   . . .        B - melded +0 buckler
rNeg    . . .        (helmet restricted)
rPois   +            (no amulet)
rElec   .            F - ring of protection from fire
rCorr   .            P - ring of poison resistance
SInv    +            f - ring of protection from fire
Will    .....        v - ring of see invisible
Stlth   +            (no ring)
HPRegen 0.29/turn    (no ring)
MPRegen 0.11/turn    (no ring)
                     (no ring)

%: no passive effects
@: flux-form, glowing
A: glow, contaminating, reduced essence, almost no armour, amphibious, 8 rings,
camouflage 1, gelatinous body 1, (nimble swimmer 1), tentacles
a: Begin Untransformation, Renounce Religion, Recall Ancestor, Ancestor Identity


You were on level 7 of the Dungeon.
You worshipped Hepliaklqana.
Hepliaklqana was pleased with you.
You were something dangerously unstable.
You visited 1 branch of the dungeon, and saw 7 of its levels.

You collected 1113 gold pieces.
You spent 108 gold pieces at shops.


Innate Abilities, Weirdness & Mutations

You are something dangerously unstable.
You glow with magical radiation, making you easy to see and hit.
Foes you strike become dangerously contaminated with magical radiation.
You are incapable of wielding weapons or throwing items.
Your life essence is reduced to manifest your ancestor. (-10% HP)
You cannot wear most types of armour.
You are amphibious.
You can wear up to eight rings at the same time.
Your skin changes colour to match your surroundings (Stealth+).
Your rubbery body absorbs attacks. (AC +1, EV +1)
((You are camouflaged when in or above water. (Stealth+)))
You have tentacles for arms and can constrict up to eight enemies at once.


   Skills:
 + Level 5.1 Fighting
 + Level 5.1 Dodging
 - Level 5.0 Shields
 - Level 4.8 Unarmed Combat
 - Level 8.5 Shapeshifting


You had 8 spell levels left.
You didn't know any spells.
Your spell library contained the following spells:

 Spells                   Type           Power      Damage    Failure   Level
 Sandblast                Erth           0%         2d4       30%         1
 Passwall                 Tmut/Erth      0%         N/A       43%         2
 Sublimation of Blood     Necr           0%         N/A       43%         2
 Wereblood                Tmut           0%         N/A       43%         2
 Gell's Gravitas          Tloc           0%         N/A       67%         3
 Stone Arrow              Conj/Erth      0%         3d7       67%         3
 Teleport Other           Tloc           0%         N/A       67%         3
 Volatile Blastmotes      Fire/Tloc      0%         2d10      67%         3
 Brom's Barrelling Bould  Conj/Erth      0%         2d3       97%         4
 Fulminant Prism          Conj/Hex       0%         3d5       97%         4
 Iskenderun's Mystic Bla  Conj/Tloc      0%         2d3       97%         4
 Vhi's Electric Charge    Tloc/Air       0%         N/A       97%         4
 Arcjolt                  Conj/Air       0%         1d10      100%        5
 Dispersal                Tloc           0%         N/A       100%        6
 Plasma Beam              Fire/Air       0%         2x1d10    100%        6
 Summon Hydra             Summ           0%         N/A       100%        7

Inventory:

Hand Weapons
 h - a +2 vampiric hand axe
 u - a +1 dagger of protection
Missiles
 o - 2 poisoned darts
 p - 16 boomerangs (quivered)
 C - 3 silver javelins
Armour
 B - a +0 buckler (melded)
Magical Staves
 i - a staff of air {!a}
 w - a staff of conjuration {!a}
Jewellery
 f - a ring of protection from fire (on tentacle)
 v - a ring of see invisible (on tentacle)
 F - a ring of protection from fire (left tentacle)
 P - a ring of poison resistance (right tentacle)
Talismans
 b - a beast talisman
 c - a flux talisman (active)
 e - a dragon-blood talisman
 E - a maw talisman
Wands
 l - a wand of charming (3)
 x - a wand of flame (27)
Scrolls
 n - 2 scrolls of butterflies
 t - 2 scrolls of identify {@r1}
 y - a scroll of torment {unknown}
 A - 2 scrolls of vulnerability
 G - a scroll of teleportation {@r2}
Potions
 a - a potion of lignification
 d - 2 potions of cancellation
 g - a potion of might {unknown}
 j - a potion of berserk rage {unknown}
 k - 5 potions of mutation
 m - 3 potions of enlightenment {unknown}
 q - 3 potions of ambrosia {unknown}
 r - 3 potions of heal wounds {unknown}
 s - 2 potions of curing {@q1}
 z - 2 potions of brilliance {unknown}
 D - a potion of magic {unknown}
 H - a potion of haste {unknown}

Dungeon Overview and Level Annotations

Branches:
Dungeon (7/15)             Temple (0/1) D:7

Altars:
Ashenzari
Dithmenos
Hepliaklqana
Kikubaaqudgha
Trog
Wu Jian
Zin
The Shining One

Shops:
D:4 !

Annotations:
D:6 2 transporters, LeprechaunX's ghost, novice OpSh

#....+..# .. #....##.#
.# # #.#####'#### .# #.#
#.#........# .#...
##.#........#####.#.####
...'........'...........
...#.....)..####.##.####
...#........# #.##.#
.......###### #p##.##
.......# #[##..##
.......#########g##...#
......ggg..g#.#.#.#.#.##
......R#####.#.#.#.#.#.#
.......# #.#.#.#.#.#†##
###....#
##.#.#.#.#.#.#### #....#
##.#.#.#.#.#.#...#
#....#
#.#.#.#.#.#.#..#.#


You could see a gnoll.


Message History

The gnoll barely misses you.
You tentacle-slap the gnoll but do no damage.
The gnoll glows dangerously bright.
The gnoll is severely wounded.
You constrict the gnoll.
Janet Reno hits the gnoll with a +0 flail!
The gnoll dies!
The gnoll hits you from afar with a +0 spear!
* * * LOW HITPOINT WARNING * * *
The gnoll sergeant hits you from afar with a +0 spear!
* * * LOW HITPOINT WARNING * * *
The gnoll sergeant hits you from afar with a +0 spear!
* * * LOW HITPOINT WARNING * * *
Janet Reno barely misses the gnoll.
There is an open door, spattered with blood here.
The gnoll sergeant attacks as it pursues you!
The gnoll sergeant hits you from afar with a +0 spear.
* * * LOW HITPOINT WARNING * * *
Janet Reno hits the gnoll sergeant with a +0 flail.
Janet Reno hits the gnoll with a +0 flail.
The gnoll attacks as it pursues you!
The gnoll hits you from afar with a +0 spear.
* * * LOW HITPOINT WARNING * * *
The gnoll sergeant hits something with a +0 spear.
The gnoll attacks as it pursues you! The gnoll misses you.
The gnoll attacks as it pursues you! The gnoll closely misses you.
You see here a +0 chain mail.
The gnoll attacks as it pursues you!
The gnoll hits you from afar with a +0 spear!
You die...

Skill      XL: |  1  2  3  4  5  6  7  8  9 |
---------------+----------------------------+-----
Unarmed Combat | 4 |  4.8
Shapeshifting  | 4 6 8 |  8.5
Fighting       | 4 5 |  5.1
Dodging        | 4 5 |  5.1
Shields        | 1 5 |  5.0

Action                     |  1- 3 |  4- 6 |  7- 9 || total
---------------------------+-------+-------+-------++-------
  Melee: Unarmed           |    70 |    91 |   142 ||   303
         Constrict         |    14 |    27 |    32 ||    73
         Tentacles         |     8 |    24 |    35 ||    67
         Punch             |     2 |     6 |     4 ||    12
  Throw: Dart              |    16 |    36 |     2 ||    54
         Boomerang         |       |    12 |    26 ||    38
 Invoke: Recall Ancestor   |       |       |     1 ||     1
         Ancestor Life: Kn |       |       |     1 ||     1
         Ancestor Identity |       |       |     1 ||     1
  Evoke: Wand              |       |       |    13 ||    13
    Use: Scroll            |     1 |     3 |     6 ||    10
         Potion            |       |       |     1 ||     1
   Stab: Sleeping          |     5 |     1 |     3 ||     9
         Distracted        |       |     1 |       ||     1
 Armour: Skin              |    22 |    30 |    91 ||   143
  Dodge: Dodged            |    30 |    36 |   102 ||   168
  Block: Buckler           |       |       |     7 ||     7
   Form: Beast             |     1 |       |       ||     1
         Flux              |       |       |     1 ||     1

Levels and vault maps discovered:
D:1:      dpeg_arrival_renting, layout_basic, hellmonk_ecumenical_altar_zigzags
D:2:      layout_basic, serial_curves, eino_curves_01, eino_curves_02
D:3:      layout_loops_ring, mainiacjoe_overflow_alcove_2,
          minmay_overflow_temple_hex, grunt_decor_clamped, grunt_ministairs_1
D:4:      layout_loops_ring, serial_shops, shop, kennysheep_diamond,
          serial_bayou_lagoon_a, hangedman_decor_push
D:5:      layout_loops_cross, minmay_starry_boxes
D:6:      layout_loops_cross, mainiacjoe_overflow_surrounded_room,
          gammafunk_ghost_gnarly_gnolls, uniq_maggie
D:7:      layout_basic, temple_green, chequers_avenue, minivault_5, minivault_23

Notes
Turn   | Place    | Note
-------+----------+-------------------------------------------
     0 | D:1      | Drazool the Octopode Shapeshifter began the quest for the
                  | Orb.
     0 | D:1      | Reached XP level 1. HP: 13/13 MP: 1/1
   159 | D:1      | Reached XP level 2. HP: 18/18 MP: 2/2
   498 | D:1      | Found a faded altar of an unknown god.
   615 | D:1      | Reached skill level 4 in Unarmed Combat
   737 | D:1      | Reached XP level 3. HP: 23/23 MP: 3/3
  1290 | D:2      | Reached XP level 4. HP: 28/28 MP: 4/4
  2231 | D:3      | Found a bloodstained altar of Trog.
  2236 | D:3      | Reached XP level 5. HP: 33/33 MP: 5/5
  2237 | D:3      | Found a broken altar of Ashenzari.
  2237 | D:3      | Found a hazy altar of Hepliaklqana.
  2237 | D:3      | Found an ornate altar of the Wu Jian Council.
  2245 | D:3      | Found an ancient bone altar of Kikubaaqudgha.
  2249 | D:3      | Found a glowing silver altar of Zin.
  2267 | D:3      | Became a worshipper of Hepliaklqana the Forgotten
  2383 | D:3      | Found a shadowy altar of Dithmenos.
  2448 | D:4      | Reached skill level 4 in Shapeshifting
  2502 | D:4      | Noticed an ogre
  2569 | D:4      | Killed an ogre
  2860 | D:4      | Found Kadiulai's Distillery.
  2864 | D:4      | Bought a potion of mutation for 96 gold pieces
  2864 | D:4      | Bought a potion of degeneration for 12 gold pieces
  3031 | D:4      | Reached XP level 6. HP: 31/39 MP: 6/6
  3079 | D:4      | Reached skill level 2 in Fighting
  3312 | D:4      | Reached skill level 3 in Fighting
  3541 | D:5      | Entered Level 5 of the Dungeon
  3790 | D:5      | Reached skill level 4 in Fighting
  3795 | D:5      | Reached XP level 7. HP: 37/49 MP: 7/7
  3917 | D:5      | Reached skill level 5 in Fighting
  4026 | D:5      | Reached skill level 3 in Dodging
  4393 | D:5      | Reached skill level 4 in Dodging
  4438 | D:5      | Reached skill level 1 in Shields
  4605 | D:5      | Reached XP level 8. HP: 47/55 MP: 8/8
  4789 | D:6      | Reached * piety under Hepliaklqana
  4794 | D:6      | Identified the +9 trident "Huybrydu" {chaos, *Rage *Slow
                  | rPois rF+++}
  4848 | D:5      | HP: 2/49 [ice beast (5)]
  5100 | D:6      | Found a transporter.
  5101 | D:6      | Found a transporter.
  5106 | D:6      | Reached skill level 5 in Dodging
  5106 | D:6      | Reached skill level 2 in Shields
  5144 | D:6      | Reached skill level 3 in Shields
  5172 | D:6      | Reached skill level 4 in Shields
  5370 | D:6      | Found a glowing golden altar of the Shining One.
  5435 | D:6      | Noticed LeprechaunX's ghost (novice OpSh)
  5452 | D:6      | Identified the ring "Kyehadas" {rPois MP+9 SInv}
  5677 | D:6      | Reached skill level 5 in Shapeshifting
  5694 | D:6      | Reached skill level 5 in Shields
  5850 | D:6      | Reached skill level 6 in Shapeshifting
  5850 | D:6      | Reached XP level 9. HP: 51/54 MP: 9/9
  5883 | D:6      | Noticed Maggie
  5893 | D:6      | Killed Maggie
  5894 | D:6      | Reached skill level 7 in Shapeshifting
  6239 | D:7      | Found a staircase to the Ecumenical Temple.
  6435 | D:7      | Reached ** piety under Hepliaklqana
  6535 | D:7      | Remembered your ancestor Janet Reno as a knight
  6557 | D:7      | Reached skill level 8 in Shapeshifting
  7238 | D:7      | Identified a scroll of acquirement
  7238 | D:7      | Acquired 634 gold pieces
  7629 | D:7      | HP: 5/54 [gnoll/+0 spear[a gnoll sergeant] (5)]
  7636 | D:7      | Slain by a gnoll

Vanquished Creatures
  Maggie (D:6)
  2 water moccasins
  An orc warrior (D:7)
  A sky beast (D:6)
  An ogre (D:4)
  2 centaurs (D:6)
  A phantom (D:5)
  A scorpion (D:5)
  7 wights
  3 killer bees (D:7)
  A howler monkey (D:7)
  2 jellies
  5 hounds
  An orc priest (D:5)
  6 iguanas
  7 orc wizards
  An adder (D:2)
  2 ufetubi (D:5)
  A worm (D:3)
  3 dart slugs
  30 orcs
  5 endoplasms
  2 giant cockroaches
  7 goblins
  7 hobgoblins
  10 jackals
  6 kobolds
  A quokka (D:1)
  8 ball pythons
  7 bats
  3 frilled lizards
  9 rats
144 creatures vanquished.

Vanquished Creatures (collateral kills)
  An ice beast (D:5)
  A wight (D:6)
  3 killer bees (D:7)
  A hound (D:6)
  2 iguanas
  An orc wizard (D:7)
  2 gnolls
  An adder (D:6)
  A white imp (D:7)
  3 orcs (D:7)
16 creatures vanquished.

Vanquished Creatures (others)
  A black bear (D:5)
  2 ancestors (D:6)
  A gnoll (D:6)
4 creatures vanquished.

Grand Total: 164 creatures vanquished

Table legend: (Time is in decaauts)
 A = Elapsed time spent in this place.
 B = Non-inter-level travel time spent in this place.
 C = Inter-level travel time spent in this place.
 D = Time resting spent in this place.
 E = Time spent auto-exploring this place.
 F = Levels seen in this place.
 G = Mean time per level.
                   A        B        C        D        E       F      G
               +--------+--------+--------+--------+--------+-----+--------+
         Total |   7629 |   7323 |    306 |    792 |   5083 |   7 | 1089.9 |
       Dungeon |   7629 |   7323 |    306 |    792 |   5083 |   7 | 1089.9 |
               +--------+--------+--------+--------+--------+-----+--------+

Top non-repeatable levels by time:
     D:7: 1431 daAuts
     D:4: 1340 daAuts
     D:5: 1290 daAuts
     D:6: 1170 daAuts
     D:1: 950 daAuts
     D:3: 854 daAuts
     D:2: 590 daAuts

Table legend:
 A = Non-vault XP
 B = Vault XP
 C = Vault XP percentage of total XP
 D = Non-vault monster count
 E = Vault monster count
 F = Vault count percentage of total count
                 A         B        C        D         E       F
            +---------+---------+-------+---------+---------+-------
      Total |    3286 |     567 |  14.7 |     150 |      10 |   6.2
            +---------+---------+-------+---------+---------+-------
        D:1 |      36 |       0 |   0.0 |      21 |       0 |   0.0
        D:2 |      55 |       0 |   0.0 |      25 |       0 |   0.0
        D:3 |      75 |       6 |   7.4 |      19 |       2 |   9.5
        D:4 |     258 |      46 |  15.1 |      19 |       3 |  13.6
        D:5 |     726 |     156 |  17.7 |      21 |       4 |  16.0
        D:6 |    1116 |     359 |  24.3 |      17 |       1 |   5.6
        D:7 |    1020 |       0 |   0.0 |      28 |       0 |   0.0
            +---------+---------+-------+---------+---------+-------
